Toronto Maple Leafs vs Detroit Red Wings
Created - Thursday, October 5, 2023 at 06:58
Goals
|
| Toronto Maple Leafs |
2 |
2 |
0 |
4 |
| Detroit Red Wings |
1 |
1 |
1 |
3 |
|
Shots
|
| Toronto Maple Leafs |
19 |
8 |
17 |
44 |
| Detroit Red Wings |
11 |
9 |
9 |
29 |
|
1st period
1. Toronto Maple Leafs , Scott Laughton 10 (Mario Ferraro 4, Troy Terry 19) at 15:48
2. Toronto Maple Leafs , Sam Bennett 12 (Brady Tkachuk 20) at 16:03
3. Detroit Red Wings , Mika Zibanejad 15 (Carter Verhaeghe 14, Matthew Boldy 16) at 18:32
Penalties :
No Penalty
2nd period
4. Toronto Maple Leafs , Brady Tkachuk 24 (Sam Bennett 19) at 12:12
5. Detroit Red Wings , Daniel Sprong 8 (Jonathan Huberdeau 11) at 12:30 (PP)
6. Toronto Maple Leafs , Nick Bjugstad 2 (Nicolas Roy 7, Aaron Ekblad 23) at 13:59 (SH)
Penalties :
Jonathan Huberdeau (DET) for Roughing (Minor) at 0:51, Dougie Hamilton (TOR) for Holding (Minor) at 8:51, Brady Tkachuk (TOR) for High sticking (Minor) at 12:19, Dougie Hamilton (TOR) for Hooking (Minor) at 13:50, Steven Stamkos (DET) for Holding Stick (Minor) at 14:18
3rd period
7. Detroit Red Wings , Matthew Boldy 14 (Carter Verhaeghe 15, Mika Zibanejad 30) at 13:51
Penalties :
Shayne Gostisbehere (DET) for Hooking (Minor) at 16:30
Goalie Stats
Cam Talbot (TOR), 26 saves from 29 shots - (0.897), W, 5-4-0, 60:00 minutes
Sergei Bobrovsky (DET), 40 saves from 44 shots - (0.909), L, 2-8-0, 59:44 minutes
Players Stats for Toronto Maple Leafs
Player Name G A P +/- PIM S H SB GA TA FO MP PP MP PK MP
------------------------------------------------------------------------------------
Aaron Ekblad 0 1 1 0 0 2 1 1 0 1 0/0 25:41 2:30 1:50
Andrew Mangiapane 0 0 0 0 0 0 1 1 1 1 0/1 11:53 0:00 0:00
Brady Tkachuk 1 1 2 1 2 8 1 0 1 0 0/2 20:24 2:00 0:38
Brandon Saad 0 0 0 1 0 3 1 0 1 0 1/1 20:01 2:10 0:00
Cody Ceci 0 0 0 0 0 0 1 0 0 0 0/0 23:41 1:40 1:50
Dougie Hamilton 0 0 0 1 4 1 0 2 1 0 0/0 22:48 2:46 0:00
Kyle Okposo 0 0 0 0 0 0 2 1 0 0 0/0 12:15 0:00 0:22
Luke Schenn 0 0 0 1 0 1 2 0 0 0 0/0 13:13 0:16 0:48
Mario Ferraro 0 1 1 1 0 3 1 1 0 0 0/0 13:48 0:00 0:48
Nick Bjugstad 1 0 1 1 0 1 1 1 0 0 1/8 9:12 0:00 1:38
Nicolas Roy 0 1 1 1 0 2 0 1 1 0 3/7 14:47 0:00 1:38
Nino Niederreiter 0 0 0 0 0 5 1 0 0 0 0/0 7:06 0:00 0:29
Ryan Pulock 0 0 0 1 0 1 3 0 0 0 0/0 21:24 1:56 0:00
Sam Bennett 1 1 2 1 0 3 0 0 2 0 26/41 19:47 2:00 0:00
Scott Laughton 1 0 1 0 0 3 1 0 0 0 7/12 19:17 2:26 0:22
Trevor Zegras 0 0 0 0 0 3 1 0 0 1 0/1 16:49 2:10 0:09
Troy Terry 0 1 1 0 0 4 2 0 2 0 0/0 17:14 2:16 0:00
Warren Foegele 0 0 0 0 0 4 0 0 0 0 0/0 6:28 0:00 0:00
Players Stats for Detroit Red Wings
Player Name G A P +/- PIM S H SB GA TA FO MP PP MP PK MP
------------------------------------------------------------------------------------
Arthur Kaliyev 0 0 0 -3 0 1 0 1 0 1 0/1 17:55 0:00 0:00
Brock Nelson 0 0 0 0 0 2 0 0 1 0 4/8 10:37 0:00 0:00
Carter Verhaeghe 0 2 2 1 0 1 1 0 0 0 1/1 16:12 1:13 0:00
Daniel Sprong 1 0 1 0 0 2 0 0 0 0 0/0 13:59 1:25 0:19
Jared McCann 0 0 0 -3 0 3 2 3 0 0 0/1 21:17 1:10 2:11
Jason Zucker 0 0 0 0 0 0 0 1 0 0 0/0 9:23 0:00 1:56
Jonathan Huberdeau 0 1 1 0 2 1 1 0 0 1 1/2 12:03 1:25 0:00
Josh Bailey 0 0 0 0 0 1 0 0 0 0 0/0 7:18 0:00 0:00
Kevin Shattenkirk 0 0 0 -2 0 1 1 1 0 1 0/0 28:03 1:28 2:12
MacKenzie Weegar 0 0 0 -2 0 2 2 2 0 0 0/0 28:03 1:28 2:12
Matthew Boldy 1 1 2 1 0 5 1 0 0 0 0/0 17:04 1:13 0:16
Michael Del Zotto 0 0 0 0 0 0 0 1 0 2 0/0 17:53 0:00 0:31
Mika Zibanejad 1 1 2 1 0 4 0 0 1 0 12/20 18:39 1:13 2:11
Philippe Myers 0 0 0 0 0 0 0 1 0 0 0/0 13:24 0:00 2:14
Sean Couturier 0 0 0 0 0 2 0 0 0 0 1/4 9:57 0:00 1:56
Shayne Gostisbehere 0 0 0 0 2 1 1 2 0 3 0/0 19:14 1:10 1:11
Steven Stamkos 0 0 0 -3 2 2 5 1 1 1 16/36 20:35 1:24 0:03
Zach Bogosian 0 0 0 0 0 1 1 2 0 0 0/0 12:24 0:00 0:32
3 Stars
1 - Sam Bennett (TOR)
2 - Matthew Boldy (DET)
3 - Mika Zibanejad (DET)
Power Play
Toronto Maple Leafs - 0 on 3 Attempt(s) - 0.00%
Detroit Red Wings - 1 on 3 Attempt(s) - 33.33%
Penalty Kill
Toronto Maple Leafs - 2 on 3 Attempt(s) - 66.67%
- Score 1 goal in Penalty Kill
Detroit Red Wings - 3 on 3 Attempt(s) - 100.00%
- Score 0 goal in Penalty Kill
Team Stat
Toronto Maple Leafs - Hits : 19 - Faceoff Wins : 38 - Blocked Shots : 8 - Penalty Minutes : 6
Detroit Red Wings - Hits : 15 - Faceoff Wins : 35 - Blocked Shots : 15 - Penalty Minutes : 6
Official
Referees : Frederick L'Ecuyer and Evgeny Romasko
Linesman : Brian Murphy and Tony Sericolo
Game Notes
No Game Note
Finance
Level 1 -- Attendance: 4747 (79.12%) -- Ticket Income $474,700
Level 2 -- Attendance: 3877 (77.54%) -- Ticket Income $232,620
Level 3 -- Attendance: 2421 (80.70%) -- Ticket Income $84,735
Level 4 -- Attendance: 3687 (73.74%) -- Ticket Income $92,175
Luxury Box -- Attendance: 786 (78.60%) -- Ticket Income $157,200
Game was played at the Joe Louis Arena.
Total Attendance: 15518 (77.59%)
Total Ticket Income: $1,041,430
Other Income: $364,500
Total Income: $1,405,930
Toronto Maple Leafs
5 vs 5 Forward
Center Left Wing Right Wing Time % Phy DF OF
1 Sam Bennett Brady Tkachuk Brandon Saad 40 1 2 2
2 Scott Laughton Trevor Zegras Troy Terry 30 1 2 2
3 Nicolas Roy Andrew Mangiapane Kyle Okposo 20 1 2 2
4 Nick Bjugstad Warren Foegele Nino Niederreiter 10 1 2 2
5 vs 5 Defense
Defense Defense Time % Phy DF OF
1 Aaron Ekblad Cody Ceci 40 1 2 2
2 Dougie Hamilton Ryan Pulock 30 1 2 2
3 Mario Ferraro Luke Schenn 20 1 2 2
4 Dougie Hamilton Ryan Pulock 10 1 2 2
PowerPlay Forward
Center Left Wing Right Wing Time % Phy DF OF
1 Sam Bennett Brady Tkachuk Troy Terry 60 1 2 2
2 Scott Laughton Trevor Zegras Brandon Saad 40 1 2 2
PowerPlay Defense
Defense Defense Time % Phy DF OF
1 Aaron Ekblad Dougie Hamilton 60 1 2 2
2 Cody Ceci Ryan Pulock 40 1 2 2
Penalty Kill 4 Players Forward
Center Wing Time % Phy DF OF
1 Nick Bjugstad Nicolas Roy 60 1 2 2
2 Scott Laughton Kyle Okposo 40 1 2 2
Penalty Kill 4 Players Defense
Defense Defense Time % Phy DF OF
1 Aaron Ekblad Cody Ceci 60 1 2 2
2 Mario Ferraro Luke Schenn 40 1 2 2
Penalty Kill - 3 Players Forward
Forward Time % Phy DF OF
1 Nick Bjugstad 60 1 2 2
2 Scott Laughton 40 1 2 2
Penalty Kill - 3 Players Defense
Defense Defense Time % Phy DF OF
1 Aaron Ekblad Cody Ceci 60 1 2 2
2 Mario Ferraro Luke Schenn 40 1 2 2
4 vs 4 Forward
Center Wing Time % Phy DF OF
1 Scott Laughton Troy Terry 60 1 2 2
2 Nicolas Roy Trevor Zegras 40 1 2 2
4 vs 4 Defense
Defense Defense Time % Phy DF OF
1 Dougie Hamilton Ryan Pulock 60 1 2 2
2 Aaron Ekblad Cody Ceci 40 1 2 2
Last Minutes Offensive
Center Left Wing Right Wing Defense Defense
Sam Bennett Brady Tkachuk Troy Terry Aaron Ekblad Dougie Hamilton
Last Minutes Defensive
Center Left Wing Right Wing Defense Defense
Nick Bjugstad Scott Laughton Nicolas Roy Aaron Ekblad Cody Ceci
Goaltenders
Starting : Cam Talbot
Backup : Frederik Andersen
Extra Forwards
Normal : Andrew Mangiapane, Nicolas Roy, Nino Niederreiter - PP : Andrew Mangiapane, Nicolas Roy - PK : Nino Niederreiter
Extra Defensemen
Normal : Mario Ferraro, Luke Schenn, Dougie Hamilton - PP : Mario Ferraro - PK : Luke Schenn, Dougie Hamilton
Penalty Shots
Trevor Zegras, Dougie Hamilton, Kyle Okposo, Nick Bjugstad, Nicolas Roy
Detroit Red Wings
5 vs 5 Forward
Center Left Wing Right Wing Time % Phy DF OF
1 Steven Stamkos Jared McCann Arthur Kaliyev 40 1 0 4
2 Mika Zibanejad Carter Verhaeghe Matthew Boldy 30 1 2 2
3 Brock Nelson Daniel Sprong Jonathan Huberdeau 20 2 2 1
4 Sean Couturier Josh Bailey Jason Zucker 10 2 2 1
5 vs 5 Defense
Defense Defense Time % Phy DF OF
1 Kevin Shattenkirk MacKenzie Weegar 40 1 2 2
2 Michael Del Zotto Shayne Gostisbehere 30 1 2 2
3 Philippe Myers Zach Bogosian 20 3 1 1
4 Kevin Shattenkirk MacKenzie Weegar 10 1 2 2
PowerPlay Forward
Center Left Wing Right Wing Time % Phy DF OF
1 Mika Zibanejad Carter Verhaeghe Matthew Boldy 50 1 2 2
2 Steven Stamkos Jonathan Huberdeau Daniel Sprong 50 1 0 4
PowerPlay Defense
Defense Defense Time % Phy DF OF
1 Kevin Shattenkirk MacKenzie Weegar 50 1 2 2
2 Shayne Gostisbehere Jared McCann 50 1 2 2
Penalty Kill 4 Players Forward
Center Wing Time % Phy DF OF
1 Mika Zibanejad Jared McCann 50 1 2 2
2 Sean Couturier Jason Zucker 50 2 2 1
Penalty Kill 4 Players Defense
Defense Defense Time % Phy DF OF
1 Kevin Shattenkirk MacKenzie Weegar 50 1 2 2
2 Philippe Myers Shayne Gostisbehere 50 2 2 1
Penalty Kill - 3 Players Forward
Forward Time % Phy DF OF
1 Mika Zibanejad 50 1 2 2
2 Brock Nelson 50 1 2 2
Penalty Kill - 3 Players Defense
Defense Defense Time % Phy DF OF
1 Kevin Shattenkirk MacKenzie Weegar 50 1 2 2
2 Philippe Myers Shayne Gostisbehere 50 2 2 1
4 vs 4 Forward
Center Wing Time % Phy DF OF
1 Mika Zibanejad Carter Verhaeghe 60 1 2 2
2 Steven Stamkos Matthew Boldy 40 1 1 3
4 vs 4 Defense
Defense Defense Time % Phy DF OF
1 Kevin Shattenkirk MacKenzie Weegar 60 1 2 2
2 Shayne Gostisbehere Michael Del Zotto 40 1 2 2
Last Minutes Offensive
Center Left Wing Right Wing Defense Defense
Steven Stamkos Mika Zibanejad Matthew Boldy Kevin Shattenkirk MacKenzie Weegar
Last Minutes Defensive
Center Left Wing Right Wing Defense Defense
Sean Couturier Mika Zibanejad Jared McCann Kevin Shattenkirk MacKenzie Weegar
Goaltenders
Starting : Sergei Bobrovsky
Backup : Laurent Brossoit
Extra Forwards
Normal : Sean Couturier, Daniel Sprong, Arthur Kaliyev - PP : Josh Bailey, Arthur Kaliyev - PK : Jared McCann
Extra Defensemen
Normal : Philippe Myers, Michael Del Zotto, Kevin Shattenkirk - PP : Michael Del Zotto - PK : Philippe Myers, Michael Del Zotto
Penalty Shots
Mika Zibanejad, Steven Stamkos, Matthew Boldy, Carter Verhaeghe, Jared McCann
% Time on Ice - Toronto Maple Leafs
Lines # - Real PCT - Wanted PCT - Time Play
Normal Forward
1 - 35% - 40% - 17:47
2 - 29% - 30% - 14:32
3 - 23% - 20% - 11:32
4 - 13% - 10% - 6:28
Normal Defense
1 - 40% - 40% - 20:20
2 - 30% - 30% - 14:59
3 - 23% - 20% - 11:26
4 - 7% - 10% - 3:34
PP Forward
1 - 51% - 60% - 2:16
2 - 49% - 40% - 2:10
PP Defense
1 - 62% - 60% - 2:46
2 - 38% - 40% - 1:40
PK Forward
1 - 86% - 60% - 2:16
2 - 14% - 40% - 0:22
PK Defense
1 - 70% - 60% - 1:50
2 - 30% - 40% - 0:48
PK3 Forward
1 - 0% - 60%
2 - 0% - 40%
PK3 Defense
1 - 0% - 60%
2 - 0% - 40%
44 Forward
1 - 79% - 60% - 1:12
2 - 21% - 40% - 0:19
44 Defense
1 - 60% - 60% - 0:55
2 - 40% - 40% - 0:36
Last Minute Offensive - 0:00
Last Minute Defensive - 1:06
Total
Forward - 60:00
Defense - 60:00
|
% Time on Ice - Detroit Red Wings
Lines # - Real PCT - Wanted PCT - Time Play
Normal Forward
1 - 36% - 40% - 18:08
2 - 28% - 30% - 14:15
3 - 21% - 20% - 10:37
4 - 15% - 10% - 7:18
Normal Defense
1 - 41% - 40% - 20:28
2 - 32% - 30% - 16:12
3 - 21% - 20% - 10:45
4 - 6% - 10% - 2:53
PP Forward
1 - 46% - 50% - 1:13
2 - 54% - 50% - 1:25
PP Defense
1 - 56% - 50% - 1:28
2 - 44% - 50% - 1:10
PK Forward
1 - 50% - 50% - 2:14
2 - 50% - 50% - 2:12
PK Defense
1 - 50% - 50% - 2:12
2 - 50% - 50% - 2:14
PK3 Forward
1 - 0% - 50%
2 - 0% - 50%
PK3 Defense
1 - 0% - 50%
2 - 0% - 50%
44 Forward
1 - 75% - 60% - 1:08
2 - 25% - 40% - 0:23
44 Defense
1 - 68% - 60% - 1:02
2 - 32% - 40% - 0:29
Last Minute Offensive - 1:07
Last Minute Defensive - 0:00
Total
Forward - 60:00
Defense - 60:00
|
Play-by-Play
1st period
0:01 of 1st period - Sam Bennett wins face-off versus Steven Stamkos in neutral zone.
0:03 of 1st period - Off-side.
0:04 of 1st period - Sam Bennett wins face-off versus Steven Stamkos in neutral zone.
0:06 of 1st period - Off-side.
0:07 of 1st period - Sam Bennett wins face-off versus Steven Stamkos in neutral zone.
0:22 of 1st period - Snap shot by Brady Tkachuk.
0:22 of 1st period - Stopped by Sergei Bobrovsky without a rebound.
0:23 of 1st period - Scott Laughton wins face-off versus Mika Zibanejad in Detroit Red Wings zone.
1:54 of 1st period - Backhand shot by Troy Terry.
1:54 of 1st period - Deflect By Trevor Zegras.
1:54 of 1st period - Stopped by Sergei Bobrovsky with a rebound.
2:20 of 1st period - MacKenzie Weegar is hit by Andrew Mangiapane and loses puck.
3:00 of 1st period - Snap shot by Nino Niederreiter.
3:00 of 1st period - Stopped by Sergei Bobrovsky without a rebound.
3:01 of 1st period - Mika Zibanejad wins face-off versus Sam Bennett in Detroit Red Wings zone.
3:06 of 1st period - Snap shot by Mika Zibanejad.
3:06 of 1st period - Stopped by Cam Talbot with a rebound.
3:56 of 1st period - Snap shot by Jonathan Huberdeau.
3:56 of 1st period - Stopped by Cam Talbot with a rebound.
3:58 of 1st period - Slapshot by Shayne Gostisbehere.
3:58 of 1st period - Shot Blocked by Andrew Mangiapane.
4:17 of 1st period - Wrist shot by Josh Bailey.
4:17 of 1st period - Shot Misses the Net.
4:33 of 1st period - Snap shot by Nino Niederreiter.
4:33 of 1st period - Shot Misses the Net.
4:35 of 1st period - Snap shot by Warren Foegele.
4:35 of 1st period - Stopped by Sergei Bobrovsky without a rebound.
4:36 of 1st period - Scott Laughton wins face-off versus Arthur Kaliyev in Detroit Red Wings zone.
4:37 of 1st period - Snap shot by Trevor Zegras.
4:37 of 1st period - Shot Blocked by Zach Bogosian.
4:39 of 1st period - Snap shot by Trevor Zegras.
4:39 of 1st period - Shot Misses the Net.
4:41 of 1st period - Slapshot by Cody Ceci.
4:41 of 1st period - Shot Blocked by Steven Stamkos.
4:43 of 1st period - Slapshot by Troy Terry.
4:43 of 1st period - Shot Blocked by Jared McCann.
4:45 of 1st period - Slapshot by Cody Ceci.
4:45 of 1st period - Shot Misses the Net.
5:07 of 1st period - Off-side.
5:08 of 1st period - Mika Zibanejad wins face-off versus Sam Bennett in neutral zone.
5:21 of 1st period - Wrist shot by Brandon Saad.
5:21 of 1st period - Stopped by Sergei Bobrovsky with a rebound.
5:40 of 1st period - Snap shot by Mika Zibanejad.
5:40 of 1st period - Shot Misses the Net.
5:50 of 1st period - Kyle Okposo is hit by MacKenzie Weegar and loses puck.
6:25 of 1st period - Snap shot by Brady Tkachuk.
6:25 of 1st period - Shot Misses the Net.
6:27 of 1st period - Wrist shot by Brandon Saad.
6:27 of 1st period - Stopped by Sergei Bobrovsky with a rebound.
6:55 of 1st period - Slapshot by Jason Zucker.
6:55 of 1st period - Shot Misses the Net.
7:47 of 1st period - Wrist shot by Mika Zibanejad.
7:47 of 1st period - Stopped by Cam Talbot with a rebound.
7:49 of 1st period - Wrist shot by Mika Zibanejad.
7:49 of 1st period - Shot Misses the Net.
7:52 of 1st period - Icing by Brandon Saad.
7:53 of 1st period - Steven Stamkos wins face-off versus Sam Bennett in Toronto Maple Leafs zone.
7:56 of 1st period - Snap shot by Steven Stamkos.
7:56 of 1st period - Shot Misses the Net.
8:02 of 1st period - Wrist shot by Brandon Saad.
8:02 of 1st period - Shot Blocked by Philippe Myers.
8:04 of 1st period - Slapshot by Aaron Ekblad.
8:04 of 1st period - Stopped by Sergei Bobrovsky without a rebound.
8:05 of 1st period - Steven Stamkos wins face-off versus Scott Laughton in Detroit Red Wings zone.
8:16 of 1st period - Philippe Myers is hit by Trevor Zegras and loses puck.
8:21 of 1st period - Wrist shot by Troy Terry.
8:21 of 1st period - Shot Misses the Net.
8:44 of 1st period - Snap shot by Nicolas Roy.
8:44 of 1st period - Stopped by Sergei Bobrovsky with a rebound.
8:54 of 1st period - Snap shot by Nino Niederreiter.
8:54 of 1st period - Stopped by Sergei Bobrovsky without a rebound.
8:55 of 1st period - Mika Zibanejad wins face-off versus Nick Bjugstad in Detroit Red Wings zone.
8:55 of 1st period - Mika Zibanejad is hit by Nick Bjugstad.
9:09 of 1st period - Snap shot by Warren Foegele.
9:09 of 1st period - Stopped by Sergei Bobrovsky without a rebound.
9:10 of 1st period - Sam Bennett wins face-off versus Brock Nelson in Detroit Red Wings zone.
9:13 of 1st period - Wrist shot by Brady Tkachuk.
9:13 of 1st period - Stopped by Sergei Bobrovsky without a rebound.
9:14 of 1st period - Jonathan Huberdeau wins face-off versus Brady Tkachuk in Detroit Red Wings zone.
9:14 of 1st period - Jonathan Huberdeau is hit by Aaron Ekblad.
9:24 of 1st period - Snap shot by Daniel Sprong.
9:24 of 1st period - Shot Misses the Net.
9:52 of 1st period - Snap shot by Jared McCann.
9:52 of 1st period - Stopped by Cam Talbot without a rebound.
9:53 of 1st period - Mika Zibanejad wins face-off versus Sam Bennett in Toronto Maple Leafs zone.
10:30 of 1st period - Slapshot by Trevor Zegras.
10:30 of 1st period - Stopped by Sergei Bobrovsky without a rebound.
10:31 of 1st period - Brock Nelson wins face-off versus Nicolas Roy in Detroit Red Wings zone.
10:36 of 1st period - Snap shot by Nicolas Roy.
10:36 of 1st period - Deflect By Andrew Mangiapane.
10:36 of 1st period - Shot Blocked by Kevin Shattenkirk.
10:36 of 1st period - Puck is out of play.
10:37 of 1st period - Brock Nelson wins face-off versus Nicolas Roy in Detroit Red Wings zone.
11:14 of 1st period - Slapshot by Brady Tkachuk.
11:14 of 1st period - Shot Blocked by Jared McCann.
11:26 of 1st period - Snap shot by Warren Foegele.
11:26 of 1st period - Stopped by Sergei Bobrovsky without a rebound.
11:27 of 1st period - Carter Verhaeghe wins face-off versus Nick Bjugstad in Detroit Red Wings zone.
11:34 of 1st period - Warren Foegele is hit by Matthew Boldy and loses puck.
11:53 of 1st period - Brady Tkachuk is hit by Shayne Gostisbehere and loses puck.
13:07 of 1st period - Wrist shot by Nino Niederreiter.
13:07 of 1st period - Stopped by Sergei Bobrovsky with a rebound.
13:17 of 1st period - Wrist shot by Steven Stamkos.
13:17 of 1st period - Shot Hit the Post.
13:38 of 1st period - Off-side.
13:39 of 1st period - Mika Zibanejad wins face-off versus Nicolas Roy in neutral zone.
13:42 of 1st period - Slapshot by Mika Zibanejad.
13:42 of 1st period - Shot Blocked by Dougie Hamilton.
13:54 of 1st period - Wrist shot by Matthew Boldy.
13:54 of 1st period - Stopped by Cam Talbot without a rebound.
13:55 of 1st period - Steven Stamkos wins face-off versus Sam Bennett in Toronto Maple Leafs zone.
14:22 of 1st period - Scott Laughton is hit by MacKenzie Weegar and loses puck.
15:07 of 1st period - Snap shot by Arthur Kaliyev.
15:07 of 1st period - Stopped by Cam Talbot with a rebound.
15:15 of 1st period - Wrist shot by Nick Bjugstad.
15:15 of 1st period - Shot Blocked by Zach Bogosian.
15:21 of 1st period - Backhand shot by Matthew Boldy.
15:21 of 1st period - Stopped by Cam Talbot with a rebound.
15:36 of 1st period - Off-side.
15:37 of 1st period - Scott Laughton wins face-off versus Steven Stamkos in neutral zone.
15:44 of 1st period - Snap shot by Troy Terry.
15:44 of 1st period - Stopped by Sergei Bobrovsky with a rebound.
15:46 of 1st period - Slapshot by Mario Ferraro.
15:46 of 1st period - Deflect By Jared McCann.
15:46 of 1st period - Stopped by Sergei Bobrovsky with a rebound.
15:48 of 1st period - Wrist shot by Scott Laughton.
15:48 of 1st period - Goal by Scott Laughton - Toronto Maple Leafs : 1 - Detroit Red Wings : 0.
15:49 of 1st period - Sam Bennett wins face-off versus Steven Stamkos in neutral zone.
15:57 of 1st period - Off-side.
15:58 of 1st period - Sam Bennett wins face-off versus Steven Stamkos in neutral zone.
16:03 of 1st period - Snap shot by Sam Bennett.
16:03 of 1st period - Goal by Sam Bennett - Toronto Maple Leafs : 2 - Detroit Red Wings : 0.
16:04 of 1st period - Sam Bennett wins face-off versus Steven Stamkos in neutral zone.
16:08 of 1st period - Icing by Kevin Shattenkirk.
16:09 of 1st period - Sam Bennett wins face-off versus Steven Stamkos in Detroit Red Wings zone.
16:25 of 1st period - Ryan Pulock is hit by Steven Stamkos.
16:47 of 1st period - Backhand shot by Mika Zibanejad.
16:47 of 1st period - Shot Blocked by Dougie Hamilton.
16:49 of 1st period - Snap shot by Matthew Boldy.
16:49 of 1st period - Stopped by Cam Talbot without a rebound.
16:50 of 1st period - Brock Nelson wins face-off versus Sam Bennett in Toronto Maple Leafs zone.
17:05 of 1st period - Snap shot by Brock Nelson.
17:05 of 1st period - Stopped by Cam Talbot without a rebound.
17:06 of 1st period - Steven Stamkos wins face-off versus Scott Laughton in Toronto Maple Leafs zone.
17:19 of 1st period - MacKenzie Weegar is hit by Luke Schenn and loses puck.
17:53 of 1st period - Icing by Brady Tkachuk.
17:54 of 1st period - Brock Nelson wins face-off versus Sam Bennett in Toronto Maple Leafs zone.
18:11 of 1st period - Sam Bennett is hit by Jared McCann and loses puck.
18:18 of 1st period - Wrist shot by Sam Bennett.
18:18 of 1st period - Stopped by Sergei Bobrovsky without a rebound.
18:19 of 1st period - Mika Zibanejad wins face-off versus Scott Laughton in Detroit Red Wings zone.
18:28 of 1st period - Snap shot by Matthew Boldy.
18:28 of 1st period - Shot Blocked by Aaron Ekblad.
18:30 of 1st period - Snap shot by Carter Verhaeghe.
18:30 of 1st period - Stopped by Cam Talbot with a rebound.
18:32 of 1st period - Snap shot by Mika Zibanejad.
18:32 of 1st period - Goal by Mika Zibanejad - Toronto Maple Leafs : 2 - Detroit Red Wings : 1.
18:33 of 1st period - Scott Laughton wins face-off versus Steven Stamkos in neutral zone.
18:46 of 1st period - Wrist shot by Troy Terry.
18:46 of 1st period - Shot Blocked by Jared McCann.
18:48 of 1st period - Snap shot by Trevor Zegras.
18:48 of 1st period - Shot Misses the Net.
18:50 of 1st period - Wrist shot by Scott Laughton.
18:50 of 1st period - Shot Blocked by MacKenzie Weegar.
19:35 of 1st period - Off-side.
19:36 of 1st period - Steven Stamkos wins face-off versus Trevor Zegras in neutral zone.
Goals for this period are 2 for Toronto Maple Leafs vs 1 for Detroit Red Wings.
Shots for this period are 19 for Toronto Maple Leafs vs 11 for Detroit Red Wings.
2nd period
0:01 of 2nd period - Sam Bennett wins face-off versus Steven Stamkos in neutral zone.
0:36 of 2nd period - Slapshot by Troy Terry.
0:36 of 2nd period - Stopped by Sergei Bobrovsky without a rebound.
0:37 of 2nd period - Nicolas Roy wins face-off versus Brock Nelson in Detroit Red Wings zone.
0:51 of 2nd period - Minor Penalty to Jonathan Huberdeau for Roughing.
0:52 of 2nd period - Sam Bennett wins face-off versus Mika Zibanejad in Detroit Red Wings zone.
1:21 of 2nd period - Off-side.
1:22 of 2nd period - Scott Laughton wins face-off versus Sean Couturier in neutral zone.
1:25 of 2nd period - Philippe Myers is hit by Ryan Pulock and loses puck.
2:15 of 2nd period - Wrist shot by Trevor Zegras.
2:15 of 2nd period - Stopped by Sergei Bobrovsky without a rebound.
2:16 of 2nd period - Sam Bennett wins face-off versus Sean Couturier in Detroit Red Wings zone.
2:23 of 2nd period - Wrist shot by Sam Bennett.
2:23 of 2nd period - Shot Misses the Net.
2:25 of 2nd period - Slapshot by Troy Terry.
2:25 of 2nd period - Shot Blocked by Jason Zucker.
2:31 of 2nd period - Wrist shot by Brady Tkachuk.
2:31 of 2nd period - Shot Misses the Net.
2:33 of 2nd period - Snap shot by Sam Bennett.
2:33 of 2nd period - Shot Blocked by Shayne Gostisbehere.
2:51 of 2nd period - Penalty to Jonathan Huberdeau is over, Jonathan Huberdeau is back on ice.
3:10 of 2nd period - Icing by Dougie Hamilton.
3:11 of 2nd period - Mika Zibanejad wins face-off versus Nicolas Roy in Toronto Maple Leafs zone.
3:12 of 2nd period - Snap shot by Matthew Boldy.
3:12 of 2nd period - Stopped by Cam Talbot without a rebound.
3:13 of 2nd period - Steven Stamkos wins face-off versus Andrew Mangiapane in Toronto Maple Leafs zone.
3:22 of 2nd period - Wrist shot by Jared McCann.
3:22 of 2nd period - Shot Blocked by Mario Ferraro.
3:24 of 2nd period - Slapshot by Kevin Shattenkirk.
3:24 of 2nd period - Stopped by Cam Talbot with a rebound.
3:26 of 2nd period - Slapshot by MacKenzie Weegar.
3:26 of 2nd period - Stopped by Cam Talbot without a rebound.
3:27 of 2nd period - Sam Bennett wins face-off versus Mika Zibanejad in Toronto Maple Leafs zone.
3:53 of 2nd period - Troy Terry is hit by Steven Stamkos.
7:09 of 2nd period - Kevin Shattenkirk is hit by Kyle Okposo and loses puck.
7:26 of 2nd period - Mika Zibanejad is hit by Ryan Pulock and loses puck.
7:33 of 2nd period - Zach Bogosian is hit by Troy Terry and loses puck.
8:11 of 2nd period - Brock Nelson is hit by Brandon Saad and loses puck.
8:39 of 2nd period - Wrist shot by Sean Couturier.
8:39 of 2nd period - Shot Misses the Net.
8:51 of 2nd period - Minor Penalty to Dougie Hamilton for Holding.
8:52 of 2nd period - Mika Zibanejad wins face-off versus Nick Bjugstad in Toronto Maple Leafs zone.
10:51 of 2nd period - Penalty to Dougie Hamilton is over, Dougie Hamilton is back on ice.
11:01 of 2nd period - Wrist shot by Sean Couturier.
11:01 of 2nd period - Stopped by Cam Talbot with a rebound.
11:05 of 2nd period - Snap shot by Sean Couturier.
11:05 of 2nd period - Stopped by Cam Talbot with a rebound.
11:07 of 2nd period - Wrist shot by Josh Bailey.
11:07 of 2nd period - Shot Misses the Net.
11:33 of 2nd period - Icing by Mika Zibanejad.
11:34 of 2nd period - Sam Bennett wins face-off versus Mika Zibanejad in Detroit Red Wings zone.
11:35 of 2nd period - Wrist shot by Brady Tkachuk.
11:35 of 2nd period - Shot Misses the Net.
11:37 of 2nd period - Slapshot by Luke Schenn.
11:37 of 2nd period - Stopped by Sergei Bobrovsky with a rebound.
11:39 of 2nd period - Backhand shot by Brady Tkachuk.
11:39 of 2nd period - Stopped by Sergei Bobrovsky without a rebound.
11:40 of 2nd period - Scott Laughton wins face-off versus Brock Nelson in Detroit Red Wings zone.
12:02 of 2nd period - Icing by Scott Laughton.
12:03 of 2nd period - Steven Stamkos wins face-off versus Sam Bennett in Toronto Maple Leafs zone.
12:06 of 2nd period - Snap shot by Jared McCann.
12:06 of 2nd period - Deflect By Mario Ferraro.
12:06 of 2nd period - Stopped by Cam Talbot without a rebound.
12:07 of 2nd period - Sam Bennett wins face-off versus Steven Stamkos in Toronto Maple Leafs zone.
12:12 of 2nd period - Slapshot by Brady Tkachuk.
12:12 of 2nd period - Goal by Brady Tkachuk - Toronto Maple Leafs : 3 - Detroit Red Wings : 1.
12:13 of 2nd period - Steven Stamkos wins face-off versus Sam Bennett in neutral zone.
12:19 of 2nd period - Minor Penalty to Brady Tkachuk for High sticking.
12:20 of 2nd period - Nick Bjugstad wins face-off versus Steven Stamkos in Toronto Maple Leafs zone.
12:30 of 2nd period - Slapshot by Daniel Sprong.
12:30 of 2nd period - Goal by Daniel Sprong - Toronto Maple Leafs : 3 - Detroit Red Wings : 2.
12:31 of 2nd period - Steven Stamkos wins face-off versus Sam Bennett in neutral zone.
12:35 of 2nd period - Off-side.
12:36 of 2nd period - Sam Bennett wins face-off versus Steven Stamkos in neutral zone.
13:30 of 2nd period - Snap shot by Jared McCann.
13:30 of 2nd period - Stopped by Cam Talbot without a rebound.
13:31 of 2nd period - Sam Bennett wins face-off versus Mika Zibanejad in Toronto Maple Leafs zone.
13:50 of 2nd period - Minor Penalty to Dougie Hamilton for Hooking.
13:51 of 2nd period - Mika Zibanejad wins face-off versus Nick Bjugstad in Toronto Maple Leafs zone.
13:51 of 2nd period - Wrist shot by Matthew Boldy.
13:51 of 2nd period - Shot Blocked by Nick Bjugstad.
13:59 of 2nd period - Slapshot by Nick Bjugstad.
13:59 of 2nd period - Goal by Nick Bjugstad - Toronto Maple Leafs : 4 - Detroit Red Wings : 2.
14:00 of 2nd period - Steven Stamkos wins face-off versus Nick Bjugstad in neutral zone.
14:18 of 2nd period - Minor Penalty to Steven Stamkos for Holding Stick.
14:19 of 2nd period - Mika Zibanejad wins face-off versus Scott Laughton in Detroit Red Wings zone.
15:32 of 2nd period - Daniel Sprong is hit by Ryan Pulock and loses puck.
15:50 of 2nd period - Penalty to Dougie Hamilton is over, Dougie Hamilton is back on ice.
16:05 of 2nd period - Slapshot by Dougie Hamilton.
16:05 of 2nd period - Deflect By Troy Terry.
16:05 of 2nd period - Stopped by Sergei Bobrovsky without a rebound.
16:06 of 2nd period - Sean Couturier wins face-off versus Sam Bennett in Detroit Red Wings zone.
16:18 of 2nd period - Penalty to Steven Stamkos is over, Steven Stamkos is back on ice.
16:34 of 2nd period - Kyle Okposo is hit by Jared McCann and loses puck.
17:11 of 2nd period - Slapshot by Warren Foegele.
17:11 of 2nd period - Shot Misses the Net.
17:13 of 2nd period - Wrist shot by Warren Foegele.
17:13 of 2nd period - Stopped by Sergei Bobrovsky with a rebound.
17:15 of 2nd period - Slapshot by Luke Schenn.
17:15 of 2nd period - Shot Misses the Net.
17:17 of 2nd period - Snap shot by Mario Ferraro.
17:17 of 2nd period - Shot Misses the Net.
17:19 of 2nd period - Slapshot by Luke Schenn.
17:19 of 2nd period - Shot Misses the Net.
17:21 of 2nd period - Wrist shot by Nick Bjugstad.
17:21 of 2nd period - Shot Blocked by Michael Del Zotto.
17:31 of 2nd period - Matthew Boldy is hit by Kyle Okposo.
17:45 of 2nd period - Snap shot by Mika Zibanejad.
17:45 of 2nd period - Stopped by Cam Talbot without a rebound.
17:46 of 2nd period - Sam Bennett wins face-off versus Steven Stamkos in Toronto Maple Leafs zone.
18:40 of 2nd period - Kyle Okposo is hit by Zach Bogosian and loses puck.
Goals for this period are 2 for Toronto Maple Leafs vs 1 for Detroit Red Wings.
Shots for this period are 8 for Toronto Maple Leafs vs 9 for Detroit Red Wings.
3rd period
0:01 of 3rd period - Steven Stamkos wins face-off versus Brady Tkachuk in neutral zone.
0:51 of 3rd period - Slapshot by Andrew Mangiapane.
0:51 of 3rd period - Shot Blocked by Shayne Gostisbehere.
1:00 of 3rd period - Off-side.
1:01 of 3rd period - Sam Bennett wins face-off versus Steven Stamkos in neutral zone.
1:14 of 3rd period - Snap shot by Steven Stamkos.
1:14 of 3rd period - Shot Misses the Net.
1:36 of 3rd period - Wrist shot by Steven Stamkos.
1:36 of 3rd period - Stopped by Cam Talbot with a rebound.
1:50 of 3rd period - Snap shot by Brock Nelson.
1:50 of 3rd period - Shot Misses the Net.
1:52 of 3rd period - Slapshot by Michael Del Zotto.
1:52 of 3rd period - Shot Blocked by Nicolas Roy.
1:54 of 3rd period - Snap shot by Michael Del Zotto.
1:54 of 3rd period - Deflect By Brock Nelson.
1:54 of 3rd period - Shot Blocked by Kyle Okposo.
1:54 of 3rd period - Puck is out of play.
1:55 of 3rd period - Brandon Saad wins face-off versus Brock Nelson in Toronto Maple Leafs zone.
2:34 of 3rd period - Off-side.
2:35 of 3rd period - Nicolas Roy wins face-off versus Mika Zibanejad in neutral zone.
3:29 of 3rd period - Snap shot by Troy Terry.
3:29 of 3rd period - Stopped by Sergei Bobrovsky with a rebound.
3:49 of 3rd period - Snap shot by Nino Niederreiter.
3:49 of 3rd period - Shot Misses the Net.
3:51 of 3rd period - Slapshot by Nino Niederreiter.
3:51 of 3rd period - Stopped by Sergei Bobrovsky without a rebound.
3:52 of 3rd period - Sam Bennett wins face-off versus Steven Stamkos in Detroit Red Wings zone.
3:57 of 3rd period - Wrist shot by Sam Bennett.
3:57 of 3rd period - Stopped by Sergei Bobrovsky without a rebound.
3:58 of 3rd period - Sam Bennett wins face-off versus Steven Stamkos in Detroit Red Wings zone.
3:59 of 3rd period - Snap shot by Brady Tkachuk.
3:59 of 3rd period - Stopped by Sergei Bobrovsky with a rebound.
4:01 of 3rd period - Slapshot by Brady Tkachuk.
4:01 of 3rd period - Shot Blocked by Arthur Kaliyev.
4:03 of 3rd period - Wrist shot by Mario Ferraro.
4:03 of 3rd period - Stopped by Sergei Bobrovsky with a rebound.
4:05 of 3rd period - Snap shot by Brady Tkachuk.
4:05 of 3rd period - Shot Blocked by MacKenzie Weegar.
4:07 of 3rd period - Slapshot by Mario Ferraro.
4:07 of 3rd period - Stopped by Sergei Bobrovsky with a rebound.
4:13 of 3rd period - Snap shot by Brandon Saad.
4:13 of 3rd period - Stopped by Sergei Bobrovsky with a rebound.
4:20 of 3rd period - Icing by Arthur Kaliyev.
4:21 of 3rd period - Scott Laughton wins face-off versus Mika Zibanejad in Detroit Red Wings zone.
4:45 of 3rd period - Kevin Shattenkirk is hit by Scott Laughton and loses puck.
4:50 of 3rd period - Wrist shot by Troy Terry.
4:50 of 3rd period - Shot Misses the Net.
5:51 of 3rd period - Wrist shot by Scott Laughton.
5:51 of 3rd period - Stopped by Sergei Bobrovsky with a rebound.
6:48 of 3rd period - Slapshot by Shayne Gostisbehere.
6:48 of 3rd period - Stopped by Cam Talbot without a rebound.
6:49 of 3rd period - Steven Stamkos wins face-off versus Sam Bennett in Toronto Maple Leafs zone.
6:56 of 3rd period - Dougie Hamilton is hit by Steven Stamkos and loses puck.
7:58 of 3rd period - Slapshot by Ryan Pulock.
7:58 of 3rd period - Stopped by Sergei Bobrovsky without a rebound.
7:59 of 3rd period - Steven Stamkos wins face-off versus Sam Bennett in Detroit Red Wings zone.
7:59 of 3rd period - Steven Stamkos is hit by Luke Schenn.
8:09 of 3rd period - Wrist shot by Steven Stamkos.
8:09 of 3rd period - Stopped by Cam Talbot with a rebound.
8:14 of 3rd period - Off-side.
8:15 of 3rd period - Nicolas Roy wins face-off versus Jonathan Huberdeau in neutral zone.
8:40 of 3rd period - Brandon Saad is hit by Steven Stamkos and loses puck.
8:47 of 3rd period - Steven Stamkos is hit by Brady Tkachuk and loses puck.
9:14 of 3rd period - Snap shot by Josh Bailey.
9:14 of 3rd period - Stopped by Cam Talbot with a rebound.
9:28 of 3rd period - Nick Bjugstad is hit by Jonathan Huberdeau and loses puck.
9:35 of 3rd period - Wrist shot by Brock Nelson.
9:35 of 3rd period - Stopped by Cam Talbot with a rebound.
9:37 of 3rd period - Slapshot by Daniel Sprong.
9:37 of 3rd period - Stopped by Cam Talbot with a rebound.
10:25 of 3rd period - Snap shot by Nicolas Roy.
10:25 of 3rd period - Stopped by Sergei Bobrovsky without a rebound.
10:26 of 3rd period - Sam Bennett wins face-off versus Sean Couturier in Detroit Red Wings zone.
11:19 of 3rd period - Snap shot by Nick Bjugstad.
11:19 of 3rd period - Shot Misses the Net.
11:33 of 3rd period - Daniel Sprong is hit by Mario Ferraro and loses puck.
12:07 of 3rd period - Jared McCann is hit by Troy Terry and loses puck.
12:28 of 3rd period - Warren Foegele is hit by Carter Verhaeghe and loses puck.
12:37 of 3rd period - Zach Bogosian is hit by Nino Niederreiter and loses puck.
13:11 of 3rd period - Slapshot by MacKenzie Weegar.
13:11 of 3rd period - Stopped by Cam Talbot with a rebound.
13:19 of 3rd period - Wrist shot by Sean Couturier.
13:19 of 3rd period - Shot Hit the Post.
13:36 of 3rd period - Snap shot by Aaron Ekblad.
13:36 of 3rd period - Stopped by Sergei Bobrovsky without a rebound.
13:37 of 3rd period - Mika Zibanejad wins face-off versus Sam Bennett in Detroit Red Wings zone.
13:51 of 3rd period - Snap shot by Matthew Boldy.
13:51 of 3rd period - Deflect By Brady Tkachuk.
13:51 of 3rd period - Goal by Matthew Boldy - Toronto Maple Leafs : 4 - Detroit Red Wings : 3.
13:52 of 3rd period - Sam Bennett wins face-off versus Steven Stamkos in neutral zone.
14:01 of 3rd period - Snap shot by Brady Tkachuk.
14:01 of 3rd period - Stopped by Sergei Bobrovsky without a rebound.
14:02 of 3rd period - Sam Bennett wins face-off versus Steven Stamkos in Detroit Red Wings zone.
14:09 of 3rd period - Snap shot by Brady Tkachuk.
14:09 of 3rd period - Stopped by Sergei Bobrovsky without a rebound.
14:10 of 3rd period - Sam Bennett wins face-off versus Jared McCann in Detroit Red Wings zone.
14:25 of 3rd period - Slapshot by Brady Tkachuk.
14:25 of 3rd period - Stopped by Sergei Bobrovsky without a rebound.
14:26 of 3rd period - Mika Zibanejad wins face-off versus Scott Laughton in Detroit Red Wings zone.
14:36 of 3rd period - Off-side.
14:37 of 3rd period - Steven Stamkos wins face-off versus Sam Bennett in neutral zone.
14:40 of 3rd period - Brady Tkachuk is hit by Steven Stamkos and loses puck.
15:44 of 3rd period - Josh Bailey is hit by Cody Ceci and loses puck.
15:49 of 3rd period - Snap shot by Nino Niederreiter.
15:49 of 3rd period - Stopped by Sergei Bobrovsky without a rebound.
15:50 of 3rd period - Sam Bennett wins face-off versus Steven Stamkos in Detroit Red Wings zone.
16:30 of 3rd period - Minor Penalty to Shayne Gostisbehere for Hooking.
16:31 of 3rd period - Sam Bennett wins face-off versus Mika Zibanejad in Detroit Red Wings zone.
17:05 of 3rd period - Wrist shot by Trevor Zegras.
17:05 of 3rd period - Shot Misses the Net.
17:07 of 3rd period - Slapshot by Dougie Hamilton.
17:07 of 3rd period - Stopped by Sergei Bobrovsky with a rebound.
18:30 of 3rd period - Penalty to Shayne Gostisbehere is over, Shayne Gostisbehere is back on ice.
18:46 of 3rd period - Mario Ferraro is hit by Kevin Shattenkirk and loses puck.
19:01 of 3rd period - Snap shot by Scott Laughton.
19:01 of 3rd period - Stopped by Sergei Bobrovsky with a rebound.
19:03 of 3rd period - Backhand shot by Nick Bjugstad.
19:03 of 3rd period - Shot Misses the Net.
19:28 of 3rd period - Wrist shot by Nicolas Roy.
19:28 of 3rd period - Shot Misses the Net.
19:30 of 3rd period - Snap shot by Nicolas Roy.
19:30 of 3rd period - Shot Misses the Net.
19:32 of 3rd period - Wrist shot by Nicolas Roy.
19:32 of 3rd period - Shot Misses the Net.
19:34 of 3rd period - Slapshot by Nick Bjugstad.
19:34 of 3rd period - Deflect By Nicolas Roy.
19:34 of 3rd period - Shot Misses the Net.
19:34 of 3rd period - Puck is out of play.
19:35 of 3rd period - David Quinn call a timeout for Detroit Red Wings.
19:35 of 3rd period - Steven Stamkos wins face-off versus Nick Bjugstad in Detroit Red Wings zone.
19:44 of 3rd period - Detroit Red Wings, Sergei Bobrovsky is pulled from the net.
19:48 of 3rd period - Wrist shot by Matthew Boldy.
19:48 of 3rd period - Shot Misses the Net.
19:50 of 3rd period - Slapshot by Zach Bogosian.
19:50 of 3rd period - Deflect By Nicolas Roy.
19:50 of 3rd period - Stopped by Cam Talbot without a rebound.
19:51 of 3rd period - Steven Stamkos wins face-off versus Nick Bjugstad in Toronto Maple Leafs zone.
Goals for this period are 0 for Toronto Maple Leafs vs 1 for Detroit Red Wings.
Shots for this period are 17 for Toronto Maple Leafs vs 9 for Detroit Red Wings.
Back to the Top